 Dungeon Crawl Stone Soup version 0.29-a0-338-g1ff7896281 (webtiles) character file.

Game seed: 1436647429099437059

1624 kevlar127 the Ruffian (level 8, -6/83 HPs)
             Began as a Troll Berserker on Apr 18, 2022.
             Was a Priest of Trog.
             Killed from afar by an electric eel (11 damage)
             ... with a bolt of electricity
             ... on level 6 of the Dungeon.
             The game lasted 00:28:53 (4500 turns).

kevlar127 the Ruffian (Troll Berserker)             Turns: 4500, Time: 00:28:54

Health: -6/83      AC:  6    Str: 28    XL:     8   Next: 65%
Magic:  7/7        EV: 10    Int:  3    God:    Trog [***...]
Gold:   132        SH:  0    Dex:  9    Spells: 7/7 levels left

rFire   + . .      SeeInvis .     - Unarmed
rCold   . . .      Faith    .   (no shield)
rNeg    . . .      Spirit   .   g - +1 robe {rF+}
rPois   .          Reflect  .   (helmet restricted)
rElec   .          Harm     .   q - +0 cloak
rCorr   .          Rampage  .   (gloves unavailable)
Will    .....                   (boots unavailable)
Stlth   +.........              (no amulet)
HPRegen 1.03/turn               (no ring)
MPRegen 0.10/turn               (no ring)

@: no status effects
A: large, unfitting armour, claws 3, regeneration 1, shaggy fur 1, tough skin 1
a: Renounce Religion, Berserk, Trog's Hand


You were on level 6 of the Dungeon.
You worshipped Trog.
Trog was most pleased with you.
You visited 1 branch of the dungeon, and saw 6 of its levels.

You collected 332 gold pieces.
You spent 200 gold pieces at shops.

Inventory:

Missiles
 n - 98 stones (quivered)
 o - 12 poisoned darts
 x - 4 javelins
Armour
 a - a +0 animal skin
 g - a +1 robe of fire resistance (worn)
 q - a +0 cloak (worn)
Jewellery
 t - an amulet of magic regeneration
Wands
 f - a wand of polymorph (7)
 v - a wand of flame (9)
Scrolls
 b - 8 scrolls of teleportation {unknown}
 c - a scroll of summoning {unknown}
 d - 2 scrolls of immolation {unknown}
 h - 2 scrolls of blinking {unknown}
 i - 9 scrolls of identify {unknown}
 s - a scroll of enchant weapon {unknown}
 u - a scroll of silence {unknown}
 w - a scroll of fog {unknown}
Potions
 e - 5 potions of haste
 j - a potion of resistance {unknown}
 k - a potion of ambrosia {unknown}
 l - a potion of attraction {unknown}
 m - a potion of curing
 p - 3 potions of lignification {unknown}
 r - 3 potions of berserk rage {unknown}
 z - a potion of might {unknown}


   Skills:
 * Level 6.3 Fighting
 + Level 4.0 Throwing
 - Level 2.7 Dodging
 * Level 7.5 Unarmed Combat


You had 7 spell levels left.
You didn't know any spells.
Your spell library contained the following spells:

 Spells                   Type           Power      Damage    Failure   Level
 Tukima's Dance           Hex            0%         N/A       88%         3
 Passage of Golubria      Tloc           0%         N/A       99%         4
 Yara's Violent Unravell  Hex/Tmut       0%         3d3       100%        5


Dungeon Overview and Level Annotations

Branches:
Dungeon (6/15)
 Temple: D:4-7

Altars:
Gozag
Trog

Shops:
D:5 *


Innate Abilities, Weirdness & Mutations

You are too large for most types of armour.
You have claws for hands.
Your natural rate of healing is unusually fast.
You are covered in fur. (AC +1)
You have tough skin. (AC +1)


Message History

Press: ? - help, Q - select action, (/) - cycle Shift-Dir - straight line, f/p - electric eel
Aim: an electric eel (water, heavily wounded, 42% to hit)
You throw a stone. The stone misses the electric eel.
You hear a splash.
Throw: 100 stones
Press: ? - help, Q - select action, (/) - cycle Shift-Dir - straight line, f/p - electric eel
Aim: an electric eel (water, heavily wounded, 42% to hit)
You throw a stone.
The stone hits the electric eel but does no damage.
The electric eel is heavily wounded.
You hear a splash.
You feel sick.
You are no longer poisoned.
The electric eel shoots out a bolt of lightning at you!
The bolt of electricity hits you.
Throw: 99 stones
Press: ? - help, Q - select action, (/) - cycle Shift-Dir - straight line, f/p - electric eel
Aim: an electric eel (water, heavily wounded, 42% to hit)
You throw a stone.
The stone closely misses the electric eel.
You hear a splash.
The electric eel shoots out a bolt of lightning at you!
The bolt of electricity hits you!
Your skin stops crawling.
You feel less strong-willed.
The electric eel shoots out a bolt of lightning at you!
The bolt of electricity hits you!
You are too injured to fight recklessly!
You are too injured to fight recklessly!
The electric eel shoots out a bolt of lightning at you!
The bolt of electricity hits you!
You are too injured to fight recklessly!
The electric eel shoots out a bolt of lightning at you!
The bolt of electricity misses you. The bolt of electricity hits you!
* * * LOW HITPOINT WARNING * * *
The electric eel shoots out a bolt of lightning at you!
The bolt of electricity hits you!
* * * LOW HITPOINT WARNING * * *
The electric eel shoots out a bolt of lightning at you!
The bolt of electricity hits you!
You die...

. #.# #.# ..
#.# #.#
#######.###
..........#
..#######.#
#.# # #.##
##.#######@.#
.........†..#
#....###...#
# #...#..#
#.⌠.#..#
#...#..#
≈S###≈..# ≈≈≈
...# ≈≈≈≈≈
...#


You could see an electric eel.

Vanquished Creatures
  A vampire (D:5)
  Sigmund (D:5)
  Eustachio (D:5)
  A black bear (D:5)
  2 ogres
  A necrophage (D:6)
  3 scorpions
  4 wights (D:5)
  A howler monkey (D:5)
  3 hounds (D:4)
  A gnoll shaman (D:4)
  2 iguanas (D:5)
  Natasha (thrice) (D:2)
  5 gnolls (D:4)
  8 adders
  A worm (D:2)
  2 dart slugs
  3 orcs (D:5)
  5 ball pythons
  4 bats
  6 endoplasms
  4 giant cockroaches
  5 goblins
  8 hobgoblins
  3 jackals
  A quokka (D:4)
  4 frilled lizards
  5 kobolds
  8 rats
96 creatures vanquished.

Notes
Turn   | Place    | Note
-------+----------+-------------------------------------------
     0 | D:1      | kevlar127 the Troll Berserker began the quest for the Orb.
     0 | D:1      | Reached XP level 1. HP: 22/22 MP: 0/0
    82 | D:1      | Reached XP level 2. HP: 29/29 MP: 1/1
   370 | D:1      | Found a faded altar of an unknown god.
   799 | D:2      | Noticed Natasha
   809 | D:2      | Killed Natasha
   810 | D:2      | Reached XP level 3. HP: 31/37 MP: 2/2
   836 | D:2      | Reached ** piety under Trog
   962 | D:2      | Reached XP level 4. HP: 45/45 MP: 3/3
  1050 | D:2      | Reached skill level 1 in Throwing
  1050 | D:2      | Reached skill level 4 in Unarmed Combat
  1150 | D:2      | Noticed Natasha
  1159 | D:2      | Killed Natasha
  1338 | D:2      | Reached XP level 5. HP: 53/53 MP: 4/4
  1433 | D:2      | Noticed Natasha
  1444 | D:2      | Killed Natasha
  2458 | D:4      | Reached XP level 6. HP: 60/62 MP: 5/5
  2569 | D:4      | Reached skill level 5 in Unarmed Combat
  2728 | D:4      | Reached *** piety under Trog
  2957 | D:5      | Entered Level 5 of the Dungeon
  2973 | D:5      | Found Metamue's General Store.
  2979 | D:5      | Bought 2 potions of haste for 200 gold pieces
  3105 | D:5      | Reached XP level 7. HP: 66/71 MP: 6/6
  3219 | D:5      | Reached skill level 5 in Fighting
  3219 | D:5      | Reached skill level 6 in Unarmed Combat
  3631 | D:5      | Noticed Sigmund
  3631 | D:5      | Noticed Eustachio
  3641 | D:5      | Killed Sigmund
  3650 | D:5      | Killed Eustachio
  3651 | D:5      | Reached XP level 8. HP: 81/81 MP: 7/7
  3831 | D:5      | Reached skill level 7 in Unarmed Combat
  4201 | D:5      | Found an opulent altar of Gozag.
  4371 | D:6      | Found a bloodstained altar of Trog.
  4499 | D:6      | HP: 4/83 [electric eel/bolt of electricity (16)]
  4500 | D:6      | Killed from afar by an electric eel

Illustrated notes

Levels and vault maps discovered:
D:1:      enne_arrival_octagon_isle, layout_basic,
          hellmonk_ecumenical_altar_lost_god, minmay_misc_feat_four_crosses,
          st_stairs_13, nrook_mini_vaults
D:2:      layout_loops_cross, minmay_tree_intersection, uniq_natasha
D:3:      layout_loops_cross, hangedman_decor_points
D:4:      nicolae_cairo_tiling_very_big, layout_cave_pods
D:5:      layout_layer_cave, mainiacjoe_overflow_surrounded_room, serial_shops,
          nicolae_shop_crystal, minivault_5, uniq_eustachio, uniq_sigmund
D:6:      layout_basic, nicolae_overflow_squiral, trog_book,
          serial_corexii_hall, corexii_hall_statues_s, corexii_hall_statues_x,
          fountainhead, moated_statue, minmay_fountain_box, kennysheep_diamond,
          uniq_duvessa

Skill      XL: |  1  2  3  4  5  6  7  8 |
---------------+-------------------------+-----
Fighting       | 3 4 5 6 |  6.3
Throwing       | 1 2 3 4 |  4.0
Unarmed Combat | 4 5 6 7 |  7.5
Dodging        | |  2.7

Action                   |  1- 3 |  4- 6 |  7- 9 || total
-------------------------+-------+-------+-------++-------
Melee: Unarmed           |    92 |   114 |    43 ||   249
       Punch             |       |       |     1 ||     1
Throw: Dart              |       |     6 |    27 ||    33
       Javelin           |       |     6 |    11 ||    17
       Stone             |       |       |    36 ||    36
Invok: Trog's Hand       |       |     2 |     3 ||     5
 Stab: Sleeping          |     1 |       |       ||     1
Armor: Animal skin       |    22 |    45 |     2 ||    69
       Skin              |       |     3 |       ||     3
       Robe              |       |       |     8 ||     8
Dodge: Dodged            |    50 |    59 |    20 ||   129

Table legend: (Time is in decaauts)
 A = Elapsed time spent in this place.
 B = Non-inter-level travel time spent in this place.
 C = Inter-level travel time spent in this place.
 D = Time resting spent in this place.
 E = Time spent auto-exploring this place.
 F = Levels seen in this place.
 G = Mean time per level.
                   A        B        C        D        E       F      G
               +--------+--------+--------+--------+--------+-----+--------+
         Total |   4485 |   4350 |    135 |    672 |   2927 |   6 |  747.5 |
       Dungeon |   4485 |   4350 |    135 |    672 |   2927 |   6 |  747.5 |
               +--------+--------+--------+--------+--------+-----+--------+

Top non-repeatable levels by time:
     D:5: 1371 daAuts
     D:2: 866 daAuts
     D:4: 767 daAuts
     D:1: 753 daAuts
     D:3: 566 daAuts
     D:6: 160 daAuts
